 Dungeon Crawl Stone Soup version 0.29.1-15-g9cfb28693d (webtiles) character file.

Game seed: 9469777910430913596

1696592 SuperSeabass the Conqueror (level 26, 239/239 HPs)
             Began as a Minotaur Necromancer on Mar 22, 2023.
             Was a High Priest of Okawaru.
             Escaped with the Orb
             ... and 3 runes!
             The game lasted 05:24:44 (68112 turns).

SuperSeabass the Conqueror (Minotaur Necromancer)  Turns: 68112, Time: 05:24:44

Health: 239/239    AC: 43    Str: 33      XL:     26   Next: 75%
Magic:  34/34      EV: 21    Int:  6 (7)  God:    Okawaru [*****.]
Gold:   4416       SH: 23    Dex: 19      Spells: 27/27 levels left

rFire   + + .      SeeInvis +   a - +9 broad axe of the Extremes {elec, rF+ Str+4 Int-4}
rCold   + + .      Faith    .   q - +4 kite shield of the Viny God {Contam Rampage rF+ Dex+3}
rNeg    . . .      Spirit   .   E - +7 plate armour {Will+}
rPois   +          Reflect  .   X - +3 crown of Dyrovepreva {rElec Int+2 SInv}
rElec   +          Harm     .   t - +2 cloak {rPois}
rCorr   +          Rampage  +   z - +1 pair of gloves "Foat" {rC+ Str-3 Dex+4 Slay+3}
Will    +++..                   c - +2 pair of boots
Stlth   ..........              O - amulet "Xeys" {rC+ Regen+ Str+8 Int-3}
HPRegen 1.29/turn               R - ring of resist corrosion
MPRegen 0.24/turn               W - ring of willpower {=R}

@: heroic, studying Stealth
A: horns 2, retaliatory headbutt, talons 1, deterioration 1, frail 1, high MP 1
0: Orb of Zot
}: 3/15 runes: barnacled, silver, gossamer
a: Renounce Religion, Heroism, Finesse, Duel


You escaped.
You worshipped Okawaru.
Okawaru was extremely pleased with you.
You visited 10 branches of the dungeon, and saw 50 of its levels.
You also visited: Trove, Gauntlet and Wizlab.

You collected 10005 gold pieces.
You spent 5589 gold pieces at shops.

Inventory:

Hand Weapons
 a - the +9 broad axe of the Extremes (weapon) {elec, rF+ Str+4 Int-4}
   (Okawaru gifted it to you on level 5 of the Realm of Zot)

   It occasionally discharges a powerful burst of electricity upon striking a
   foe.
   Str:       It affects your strength (+4).
   Int:       It affects your intelligence (-4).
   rF:        It protects you from fire.
 b - a +3 broad axe of speed
 o - a +9 broad axe of electrocution
 Y - a +5 eveningstar of holy wrath
Missiles
 f - 4 silver boomerangs (quivered)
 v - 28 silver javelins
 B - a boomerang
 J - 35 javelins
 U - 5 throwing nets
Armour
 c - a +2 pair of boots (worn)
 q - the +4 kite shield of the Viny God (worn) {Contam Rampage rF+ Dex+3}
   (You found it in a treasure trove)

   Dex:       It affects your dexterity (+3).
   rF:        It protects you from fire.
   Contam:    It causes magical contamination when unequipped.
   Rampage:   It bestows one free step when moving towards enemies.
 t - a +2 cloak of poison resistance (worn)
 z - the +1 pair of gloves "Foat" (worn) {rC+ Str-3 Dex+4 Slay+3}
   (You found it in a treasure trove)

   Str:       It affects your strength (-3).
   Dex:       It affects your dexterity (+4).
   Slay:      It affects your accuracy & damage with ranged weapons and melee
   (+3).
   rC:        It protects you from cold.
 E - a +7 plate armour of willpower (worn)
 X - the +3 crown of Dyrovepreva (worn) {rElec Int+2 SInv}
   (You found it in a treasure trove)

   Int:       It affects your intelligence (+2).
   rElec:     It insulates you from electricity.
   SInv:      It lets you see invisible.
Jewellery
 C - a ring of protection from cold
 H - a ring of protection from fire
 O - the amulet "Xeys" (around neck) {rC+ Regen+ Str+8 Int-3}
   (You found it on level 3 of the Crypt)

   [amulet of regeneration]

   Str:       It affects your strength (+8).
   Int:       It affects your intelligence (-3).
   rC:        It protects you from cold.
   Regen:     It increases your rate of health regeneration.
 R - a ring of resist corrosion (left hand)
 S - a ring of willpower
 W - a ring of willpower (right hand) {=R}
Wands
 d - a wand of digging (8)
 m - a wand of mindburst (37)
 p - a wand of polymorph (8)
 r - a wand of acid (8)
 y - a wand of roots (21)
Scrolls
 e - 21 scrolls of teleportation
 n - 4 scrolls of poison
 u - a scroll of silence
 D - 8 scrolls of vulnerability
 F - 10 scrolls of fear
 I - 8 scrolls of fog
 Z - 10 scrolls of blinking
Potions
 h - 8 potions of haste
 i - 3 potions of magic
 j - 19 potions of curing
 k - 4 potions of cancellation
 l - 2 potions of berserk rage
 s - 12 potions of attraction
 w - 10 potions of flight
 x - 11 potions of lignification
 G - 6 potions of invisibility
 K - 7 potions of ambrosia
 M - 6 potions of resistance
 P - 6 potions of mutation
 Q - 5 potions of might
 T - 8 potions of heal wounds
Miscellaneous
 g - a tin of tremorstones (2/2)
 A - a lightning rod (4/4)
 L - a condenser vane
 V - a phial of floods


   Skills:
 O Level 27 Fighting
 + Level 21.9(26.9) Axes
 + Level 20.8(25.8) Throwing
 + Level 21.9(26.9) Armour
 + Level 15.1(20.1) Dodging
 - Level 1.5(6.5) Stealth
 + Level 21.3(26.3) Shields
 - Level 1.3 Spellcasting
 - Level 2.9 Necromancy
 - Level 12.0 Invocations
 + Level 16.0 Evocations


You had 27 spell levels left.
You didn't know any spells.
Your spell library contained the following spells:

 Spells                   Type           Power      Damage    Failure   Level
 Necrotise                Necr           12%        1d4       34%         1
 Sublimation of Blood     Necr           3%         N/A       45%         2
 Vampiric Draining        Necr           3%         2d6       71%         3
 Apportation              Tloc           0%         N/A       75%         1
 Beastly Appendage        Tmut           0%         N/A       75%         1
 Sandblast                Erth           0%         2d4       75%         1
 Blink                    Tloc           0%         N/A       86%         2
 Ensorcelled Hibernation  Hex/Ice        0%         N/A       86%         2
 Passwall                 Tmut/Erth      0%         N/A       86%         2
 Poisonous Vapours        Pois/Air       0%         N/A       86%         2
 Static Discharge         Conj/Air       0%         3-3/arc   86%         2
 Wereblood                Tmut           0%         N/A       86%         2
 Confusing Touch          Hex            0%         N/A       98%         3
 Conjure Flame            Conj/Fire      0%         6-21      98%         3
 Dazzling Flash           Conj/Hex       0%         N/A       98%         3
 Frozen Ramparts          Ice            0%         1d1       98%         3
 Gell's Gravitas          Tloc           0%         N/A       98%         3
 Ignite Poison            Fire/Tmut/Pois 0%         N/A       98%         3
 Lesser Beckoning         Tloc           0%         N/A       98%         3
 Ozocubu's Armour         Ice            0%         N/A       98%         3
 Portal Projectile        Hex/Tloc       0%         N/A       98%         3
 Spider Form              Tmut/Pois      0%         N/A       98%         3
 Stone Arrow              Conj/Erth      0%         3d7       98%         3
 Teleport Other           Tloc           0%         N/A       98%         3
 Dispel Undead            Necr           3%         3d7       98%         4
 Anguish                  Hex/Necr       1%         N/A       99%         4
 Cause Fear               Hex            0%         N/A       100%        4
 Corpse Rot               Necr/Pois/Air  1%         N/A       100%        4
 Flame Wave               Conj/Fire      0%         2d4       100%        4
 Fulminant Prism          Conj/Hex       0%         3d6       100%        4
 Hailstorm                Conj/Ice       0%         3d3       100%        4
 Ice Form                 Ice/Tmut       0%         N/A       100%        4
 Iskenderun's Mystic Bla  Conj/Tloc      0%         2d3       100%        4
 Leda's Liquefaction      Hex/Erth       0%         N/A       100%        4
 Olgreb's Toxic Radiance  Pois           0%         N/A       100%        4
 Passage of Golubria      Tloc           0%         N/A       100%        4
 Sticky Flame             Conj/Fire      0%         2d3       100%        4
 Agony                    Necr           3%         N/A       100%        5
 Alistair's Intoxication  Tmut/Pois      0%         N/A       100%        5
 Blade Hands              Tmut           0%         N/A       100%        5
 Borgnjor's Vile Clutch   Necr/Erth      1%         N/A       100%        5
 Fireball                 Conj/Fire      0%         3d3       100%        5
 Irradiate                Conj/Tmut      0%         3d11      100%        5
 Lee's Rapid Deconstruct  Erth           0%         3d5*      100%        5
 Lightning Bolt           Conj/Air       0%         1d11      100%        5
 Manifold Assault         Tloc           0%         N/A       100%        5
 Metabolic Englaciation   Hex/Ice        0%         N/A       100%        5
 Silence                  Hex/Air        0%         N/A       100%        5
 Yara's Violent Unravell  Hex/Tmut       0%         3d3       100%        5
 Dispersal                Tloc           0%         N/A       100%        6
 Iron Shot                Conj/Erth      0%         9d1       100%        6
 Starburst                Conj/Fire      0%         6d3       100%        6
 Statue Form              Tmut/Erth      0%         N/A       100%        6
 Dragon Form              Tmut           0%         N/A       100%        7
 Enfeeble                 Hex            0%         N/A       100%        7
 Orb of Destruction       Conj           0%         9d5       100%        7
 Ozocubu's Refrigeration  Ice            0%         4d7       100%        7
 Storm Form               Tmut/Air       0%         N/A       100%        7
 Discord                  Hex            0%         N/A       100%        8
 Ignition                 Fire           0%         3d3       100%        8
 Lehudib's Crystal Spear  Conj/Erth      0%         10d2      100%        8
 Maxwell's Capacitive Co  Air            0%         ∞         100%        8
 Necromutation            Tmut/Necr      1%         N/A       100%        8
 Chain Lightning          Conj/Air       0%         N/A       100%        9
 Summon Guardian Golem    Hex/Summ       Unusable   N/A       N/A         3
 Tukima's Dance           Hex            Unusable   N/A       N/A         3
 Animate Dead             Necr           Unusable   N/A       N/A         4
 Animate Armour           Summ/Erth      Unusable   N/A       N/A         4
 Summon Ice Beast         Ice/Summ       Unusable   N/A       N/A         4
 Death Channel            Necr           Unusable   N/A       N/A         6
 Simulacrum               Ice/Necr       Unusable   N/A       N/A         6
 Spellforged Servitor     Conj/Summ      Unusable   N/A       N/A         7
 Summon Hydra             Summ           Unusable   N/A       N/A         7
 Infestation              Necr           Unusable   N/A       N/A         8

Dungeon Overview and Level Annotations

Branches:
Dungeon (15/15)            Temple (0/1) D:5            Lair (5/5) D:10
 Shoals (4/4) Lair:3       Spider (4/4) Lair:2        Slime (0/5) Lair:5
    Orc (2/2) D:11            Elf (3/3) Orc:2        Vaults (5/5) D:13
  Crypt (3/3) Vaults:3       Tomb (0/3) Crypt:3      Depths (4/4) D:15
    Zot (5/5) Depths:4     WizLab (visited)         Gauntlet (visited)

Altars:
Ashenzari
Elyvilon
Fedhas
Gozag
Hepliaklqana
Kikubaaqudgha
Makhleb
Nemelex Xobeh
Okawaru
Qazlal
Ru
Sif Muna
Trog
Uskayaw
Xom
Zin
The Shining One
Jiyva
Lugonu

Shops:
D:5 **!:[   D:6 (:   D:10 (   D:11 [   D:12 ![   Orc:1 =   Orc:2 :[[[
Elf:2 ***   Elf:3 *   Shoals:1 *=   Shoals:4 (   Vaults:3 [(:   Depths:2 *
Depths:4 ?

Portals:
Hell: Depths:1 Depths:2 Depths:3 Depths:4
Abyss: Lair:5 Depths:3
Pandemonium: Depths:2 Depths:3 Depths:4
Ziggurat: Depths:4

Annotations:
Vaults:4 36 runed doors, exclusion: 36 doors
Zot:5 1 exclusion


Innate Abilities, Weirdness & Mutations

You have a pair of horns on your head.
You reflexively headbutt those who attack you in melee.
You have sharp toenails.
Your body sometimes deteriorates upon taking damage.
You are frail. (-10% HP)
You have an increased reservoir of magic. (+10% MP)


Message History

Okawaru accepts your kill.
There is a stone staircase leading down here.
An Executioner comes into view.
You gain the combat prowess of a mighty hero.
You slash the Executioner!
The Executioner is lightly wounded.
The Executioner hits you but does no damage.
You block the Executioner's attack. The Executioner barely misses you.
You miss the Executioner.
The Executioner is lightly wounded.
The Executioner hits you but does no damage.
You block the Executioner's attack. x2
You cut the Executioner into ribbons!!!
You kill the Executioner!
Okawaru accepts your kill. Okawaru grants you a weapon!
Something appears at your feet!
You see here the +8 war axe "Giant's Demise" {vorpal, rC+ Will+ rCorr}.
An Orb Guardian comes into view.
You block the Orb Guardian's attack.
You barely miss the Orb Guardian. You headbutt the Orb Guardian.
The Orb Guardian is lightly wounded.
The Orb Guardian hits you but does no damage.
You slice the Orb Guardian!!
The Orb Guardian is moderately wounded.
You block the Orb Guardian's attack.
You slice the Orb Guardian like a ripe choko!!!
Lightning courses through the Orb Guardian!
You headbutt the Orb Guardian.
You kill the Orb Guardian!
Okawaru accepts your kill.
Aiming: Dig
Press: ? - help, Shift-Dir - straight line A rock wall.
This square is covered in magical glow.
The rock shatters into small pieces.
There is an open door here.
An ice devil comes into view.
There is a staircase leading out of the dungeon here.
You have escaped!

#.#.#.####........
#.#.#.# ##.......
#.#.#.# ######..
#.#.#.# ##.
#.#.#.# ## #4#.#.#
# #.#.#.# #.#.#.#
#@'...# #######


You could see an ice devil.

Vanquished Creatures
  4 dread liches
  Mara (Depths:1)
  5 orbs of fire
  4 ancient liches
  4 Killer Klowns (Zot:5)
  A Head Instructor (WizLab)
  Saint Roka (Vaults:3)
  A curse toe (Zot:4)
  Jory (Vaults:4)
  4 golden dragons
  A bone dragon (Depths:4)
  Arachne (Spider:4)
  The ghost of javelincjr the Warrior, an adept DjCj of Makhleb (Elf:2)
  An iron giant (Zot:2)
  2 electric golems (Zot:5)
  27 Orb Guardians
  2 hellephants (D:13)
  Asterion (Vaults:3)
  17 tentacled monstrosities
  4 quicksilver dragons
  2 deep elf blademasters (Elf:3)
  2 deep elf master archers (Elf:3)
  8 liches
  3 ancient champions
  8 titans
  6 death cobs
  Polyphemus (Shoals:2)
  3 Executioners
  6 sphinxes
  Kirke (Spider:1)
  10 shadow dragons
  14 storm dragons
  10 tengu reavers
  4 revenants
  Ilsuiw (Shoals:2)
  Roxanne (Spider:4)
  An iron dragon (Depths:3)
  17 draconian monks
  7 draconian knights
  8 frost giants
  12 fire giants
  10 emperor scorpions
  3 ghost moths
  5 draconian scorchers
  3 deep elf sorcerers
  2 cacodemons
  The ghost of Vur June the Impaler, a journeyman MeMo of Hepliaklqana (Spider:2)
  The ghost of Kazon the Warmonger, a journeyman DsFi of Okawaru (Spider:2)
  11 draconian shifters
  2 spriggan defenders
  4 orc warlords
  2 ghouls (Crypt:1)
  2 curse skulls
  12 vault wardens
  4 draconian stormcallers
  7 draconian annihilators
  6 deep elf elementalists
  2 broodmothers
  17 ironbound preservers
  6 war gargoyles
  A reaper (Depths:1)
  36 very ugly things
  16 stone giants
  9 ironbound thunderhulks
  9 black draconians
  9 vampire knights
  9 green draconians
  6 entropy weavers
  18 dire elephants
  5 deep elf annihilators
  8 yellow draconians
  6 deep elf demonologists
  A spark wasp (shapeshifter) (Elf:3)
  12 red draconians
  7 spark wasps
  9 white draconians
  13 purple draconians
  6 deep elf death magi
  2 blizzard demons (Depths:1)
  3 eidola
  5 merfolk javelineers
  16 ettins
  A green death (Depths:1)
  6 merfolk impalers
  A spriggan zombie (Crypt:3)
  5 deep elf high priests
  13 fire dragons
  7 jiangshi
  2 peacekeepers
  Erolcha (Orc:1)
  15 yaktaur captains
  31 vault guards
  6 great orbs of eyes
  A quicksilver dragon skeleton (Crypt:3)
  5 ice dragons
  7 spriggan air magi
  6 hydras
  Harold (D:9)
  2 rakshasas
  Erica (D:11)
  4 death knights
  11 ironbound frosthearts
  4 radroaches
  A hell beast (Depths:1)
  17 two-headed ogres
  3 jorogumos
  A spriggan skeleton (Crypt:3)
  8 centaur warriors
  An ogre mage (D:13)
  11 death yaks
  12 boulder beetles
  An alligator snapping turtle (Shoals:4)
  3 catoblepae
  4 deep troll shamans
  A death scarab (Spider:1)
  2 titan zombies
  6 merfolk aquamancers
  3 deep troll earth magi (Depths:3)
  9 tengu warriors
  An Orb Guardian skeleton (Crypt:2)
  The ghost of sigtrap the Fighter, a novice OgFi (D:7)
  7 vampire magi
  2 hell hogs (D:13)
  37 dancing weapons
  5 spriggan berserkers
  3 thrashing horrors (Lair:5)
  2 soul eaters
  Urug (Orc:1)
  6 orc high priests
  20 deep elf knights
  3 sun demons
  13 hell knights
  3 pharaoh ants
  3 sixfirhies
  An iron troll (Depths:4)
  18 skeletal warriors
  2 sun moths
  A storm dragon skeleton (Crypt:2)
  3 salamander mystics (WizLab)
  An anaconda zombie (Crypt:1)
  4 orb spiders
  6 steelbarb worms
  59 deep trolls
  A fire crab (shapeshifter) (Elf:1)
  8 deep elf archers
  6 glowing orange brains
  10 sea snakes
  A shadow dragon zombie (Depths:4)
  A steelbarb worm (shapeshifter) (Depths:3)
  An iron giant skeleton (Crypt:2)
  A shadow demon (Depths:2)
  An obsidian statue (Depths:1)
  A bunyip skeleton (Crypt:3)
  12 lindwurms
  A glowing orange brain (shapeshifter) (Elf:1)
  13 necromancers
  24 ironbound convokers
  9 wizards
  16 phantasmal warriors
  14 orc knights
  26 deep elf pyromancers
  30 deep elf zephyrmancers
  11 flayed ghosts
  28 harpies
  A human zombie (Vaults:2)
  18 manticores
  5 orc sorcerers
  A sphinx skeleton (Crypt:1)
  A stone giant zombie (Crypt:3)
  4 fauns
  4 mana vipers (WizLab)
  2 oklob plants (Spider:2)
  58 ugly things
  28 wolf spiders
  11 cyclopes
  3 rust devils (Depths:1)
  26 moths of wrath
  10 merfolk sirens
  7 fire giant skeletons
  4 elephants (Lair:5)
  A moth of wrath (shapeshifter) (Depths:4)
  4 black mambas
  11 water nymphs
  13 vault sentinels
  8 gargoyles
  10 cane toads
  3 human skeletons
  2 orange demons
  4 torpor snails
  8 smoke demons
  5 centaur skeletons
  2 dire elephant skeletons
  6 demonic crawlers
  An unseen horror zombie (Crypt:2)
  An unseen horror (D:10)
  Psyche (D:11)
  20 yaktaurs
  An efreet (D:15)
  2 kobold demonologists
  8 komodo dragons
  2 tormentors
  10 freezing wraiths
  2 ice devils (Depths:1)
  2 ancient zymes (Lair:5)
  3 tengu conjurers
  2 harpy zombies (Crypt:3)
  32 merfolk
  12 trolls
  2 red devils (Depths:2)
  A merfolk (shapeshifter) (Vaults:3)
  8 wind drakes
  A meliai (shapeshifter) (Vaults:2)
  3 polar bears
  A hydra skeleton (Crypt:2)
  A tarantella (shapeshifter) (D:15)
  2 harpy skeletons
  9 snapping turtles
  An ice dragon zombie (Crypt:3)
  4 hornets
  26 tarantellas
  4 large abominations
  17 slime creatures
  20 blink frogs
  A snapping turtle (shapeshifter) (Vaults:5)
  Prince Ribbit (D:8)
  2 dream sheep (shapeshifter)
  A human simulacrum (Vaults:4)
  8 dream sheep
  A fire giant simulacrum (Vaults:4)
  A frost giant simulacrum (Vaults:4)
  6 flying skulls (Crypt:1)
  24 jumping spiders
  10 fire dragon skeletons (Crypt:3)
  3 vampires (Crypt:3)
  2 spriggans (shapeshifter)
  4 shadows
  4 spriggans
  4 air elementals
  14 culicivoras
  44 yaks
  2 ynoxinuls (Lair:5)
  3 humans (Spider:2)
  A wind drake zombie (Crypt:2)
  19 water elementals
  17 wraiths
  2 wyverns
  2 fire elementals
  6 basilisks
  A chaos spawn (Lair:5)
  A neqoxec (Depths:2)
  3 steam dragons
  A hog (Spider:1)
  49 redbacks
  6 wargs
  A deep troll zombie (Crypt:1)
  A two-headed ogre zombie (Orc:1)
  A glowing shapeshifter zombie (Depths:4)
  13 water moccasins
  3 acid dragons
  Duvessa (D:7)
  13 hell hounds
  A floating eye (Depths:2)
  3 black bears
  59 orc warriors
  3 ice beasts
  A sky beast (D:8)
  35 ogres
  20 wolves
  A centaur (D:4)
  A phantom (D:4)
  4 kobold brigands
  A salamander zombie (Crypt:2)
  9 bullfrogs
  4 elf zombies (Elf:1)
  A gnoll sergeant (D:7)
  An earth elemental (Elf:1)
  5 necrophages
  A komodo dragon skeleton (Crypt:1)
  10 wights
  A wyvern skeleton (Crypt:2)
  Dowan (D:7)
  14 killer bees
  5 electric eels
  8 howler monkeys
  10 small abominations (Lair:5)
  5 hounds
  A jelly (D:8)
  34 orc priests
  2 iguanas
  A black bear skeleton (Crypt:1)
  31 orc wizards
  A scorpion zombie (Crypt:1)
  A tengu skeleton (Crypt:1)
  7 adders
  7 gnolls
  An ufetubus (D:6)
  An iguana zombie (Crypt:2)
  2 worms
  7 dart slugs
  143 orcs
  4 ball pythons
  8 endoplasms
  A gnoll zombie (Crypt:1)
  8 goblins
  9 hobgoblins
  5 jackals
  11 kobolds
  7 quokkas
  5 bats
  6 frilled lizards
  7 rats
  A bush (Lair:5)
2394 creatures vanquished.

Vanquished Creatures (collateral kills)
  A hobgoblin (D:1)
  A jackal (D:1)
2 creatures vanquished.

Vanquished Creatures (others)
  A lich (Depths:1)
  A hell knight (Depths:1)
  A deep elf zephyrmancer (Elf:2)
  A deep elf pyromancer (Elf:1)
  A manticore (Shoals:3)
  An orc priest (Orc:2)
  An orc (Orc:2)
  46 fungi
  73 plants
  35 withered plants
161 creatures vanquished.

Grand Total: 2557 creatures vanquished

Notes
Turn   | Place    | Note
-------+----------+-------------------------------------------
     0 | D:1      | SuperSeabass the Minotaur Necromancer began the quest for
                  | the Orb.
     0 | D:1      | Reached XP level 1. HP: 14/14 MP: 1/1
   164 | D:1      | Reached skill level 1 in Fighting
   227 | D:1      | Reached skill level 2 in Fighting
   229 | D:1      | Reached XP level 2. HP: 20/24 MP: 0/3
   568 | D:1      | Reached skill level 3 in Fighting
   770 | D:1      | Reached XP level 3. HP: 31/31 MP: 2/4
  1294 | D:2      | Reached skill level 1 in Axes
  1465 | D:2      | Found an iron altar of Okawaru.
  1476 | D:2      | Became a worshipper of Warmaster Okawaru
  1953 | D:2      | Found a faded altar of an unknown god.
  1975 | D:2      | Reached XP level 4. HP: 38/38 MP: 5/5
  2472 | D:3      | Found an ancient bone altar of Kikubaaqudgha.
  2920 | D:3      | Found a glowing golden altar of the Shining One.
  3195 | D:4      | Found a glowing silver altar of Zin.
  3328 | D:4      | Found a broken altar of Ashenzari.
  3444 | D:4      | Noticed a centaur
  3454 | D:4      | Killed a centaur
  3455 | D:4      | Reached skill level 5 in Axes
  3455 | D:4      | Reached XP level 5. HP: 19/45 MP: 6/6
  4546 | D:5      | Entered Level 5 of the Dungeon
  4557 | D:5      | Found Cyther's Distillery.
  4558 | D:5      | Noticed a phantom
  4619 | D:5      | Reached XP level 6. HP: 48/51 MP: 7/7
  4812 | D:5      | Found Ynep's Book Shop.
  4833 | D:5      | Found Eqev's Armour Emporium.
  4875 | D:5      | Bought a +0 pair of gloves for 58 gold pieces
  4875 | D:5      | Bought a +1 ring mail of fire resistance for 208 gold
                  | pieces
  5200 | D:5      | Noticed an orc warrior
  5241 | D:5      | Killed an orc warrior
  5241 | D:5      | Reached * piety under Okawaru
  5432 | D:5      | Bought a potion of lignification for 45 gold pieces
  5453 | D:5      | Found Lokysim's Assorted Antiques.
  5480 | D:4      | Reached XP level 7. HP: 57/57 MP: 8/8
  5519 | D:5      | Bought a scroll labelled DOSHRIAM SOEKH for 25 gold pieces
  5556 | D:5      | Found a staircase to the Ecumenical Temple.
  5630 | D:5      | Found Serar's General Store.
  5939 | D:6      | Found Kinusm's Weapon Emporium.
  5940 | D:6      | Found Wiethram's Book Shop.
  6052 | D:6      | Reached ** piety under Okawaru
  6075 | D:6      | Reached skill level 10 in Axes
  6125 | D:6      | Reached skill level 1 in Armour
  6125 | D:6      | Reached XP level 8. HP: 63/66 MP: 9/9
  6154 | D:6      | Reached skill level 1 in Invocations
  6169 | D:6      | Found an opulent altar of Gozag.
  6261 | D:6      | Reached skill level 4 in Fighting
  6722 | D:6      | Found a sparkling altar of Nemelex Xobeh.
  6746 | D:6      | Reached skill level 5 in Fighting
  6928 | D:5      | Bought an emerald potion for 22 gold pieces
  6928 | D:5      | Bought a scroll labelled PIKOENGYRU for 25 gold pieces
  7028 | D:7      | Noticed a komodo dragon
  7095 | D:7      | Noticed Dowan
  7107 | D:7      | Killed Dowan
  7107 | D:7      | Reached *** piety under Okawaru
  7151 | D:7      | Noticed Duvessa
  7161 | D:7      | Killed Duvessa
  7190 | D:7      | Noticed a manticore
  7204 | D:7      | Killed a manticore
  7205 | D:7      | Reached skill level 6 in Fighting
  7205 | D:7      | Reached XP level 9. HP: 13/75 MP: 8/10
  7371 | D:7      | Killed a komodo dragon
  7372 | D:7      | Reached skill level 5 in Armour
  7409 | D:7      | Found a transporter.
  7409 | D:7      | Noticed sigtrap's ghost (novice OgFi)
  7412 | D:7      | Found a transporter.
  7482 | D:5      | Bought 2 fizzy coppery potions for 45 gold pieces
  7546 | D:7      | Found a large runed translucent door.
  7548 | D:7      | Found a large runed translucent door.
  7551 | D:7      | Found a large runed translucent door.
  7551 | D:7      | Found a large runed translucent door.
  7552 | D:7      | Noticed a troll
  7599 | D:7      | Noticed a red ugly thing
  7611 | D:7      | Killed a red ugly thing
  7611 | D:7      | Reached **** piety under Okawaru
  7612 | D:7      | Reached skill level 7 in Fighting
  7717 | D:7      | Noticed a kobold demonologist
  7739 | D:7      | Killed a kobold demonologist
  7740 | D:7      | Reached skill level 5 in Invocations
  7982 | D:8      | Found a blossoming altar of Fedhas.
  8174 | D:8      | Reached XP level 10. HP: 82/86 MP: 13/13
  8354 | D:8      | Noticed Prince Ribbit
  8377 | D:8      | Killed Prince Ribbit
  8385 | D:8      | Reached skill level 8 in Fighting
  8614 | D:8      | Found a burning altar of Makhleb.
  8808 | D:8      | Found a shimmering blue altar of Sif Muna.
  8963 | D:9      | Reached ***** piety under Okawaru
  8988 | D:9      | Received a gift from Okawaru
  9011 | D:9      | Reached skill level 9 in Fighting
  9141 | D:9      | Noticed Harold
  9208 | D:9      | Killed Harold
  9209 | D:9      | Reached XP level 11. HP: 96/97 MP: 13/15
  9495 | D:9      | Found a bloodstained altar of Trog.
  9798 | D:5      | Bought a scroll of identify for 22 gold pieces
  9798 | D:5      | Bought a scroll of fog for 44 gold pieces
  9865 | D:5      | Bought a potion of flight for 45 gold pieces
  9958 | D:10     | Entered Level 10 of the Dungeon
 10006 | D:10     | Found a sacrificial altar of Ru.
 10054 | D:10     | Received a gift from Okawaru
 10238 | D:10     | Noticed a centaur warrior
 10249 | D:10     | Killed a centaur warrior
 10325 | D:10     | Reached skill level 10 in Fighting
 10398 | D:10     | Identified the +1 plate armour of Iduim {Str+3}
 10425 | D:10     | Found a staircase to the Lair.
 10605 | D:10     | Found Lyirgh's Antique Weapon Shoppe.
 10624 | D:10     | Noticed a two-headed ogre
 10635 | D:10     | Killed a two-headed ogre
 10745 | D:10     | Found a white marble altar of Elyvilon.
 10746 | D:10     | Found a shimmering altar of Xom.
 10919 | D:11     | Noticed a two-headed ogre
 10929 | D:11     | Killed a two-headed ogre
 10992 | D:11     | Received a gift from Okawaru
 10993 | D:11     | Reached skill level 10 in Armour
 11082 | D:10     | Bought a runed broad axe for 140 gold pieces
 11410 | D:11     | Found a staircase to the Orcish Mines.
 11518 | D:11     | Found Lium's Armour Shoppe.
 11543 | D:11     | Noticed Erica
 11547 | D:11     | Noticed a seven-headed hydra
 11729 | Lair:1   | Entered Level 1 of the Lair of Beasts
 11777 | Lair:1   | Reached skill level 11 in Fighting
 11783 | Lair:1   | Noticed a four-headed hydra
 11813 | Lair:1   | Killed a four-headed hydra
 11814 | Lair:1   | Reached XP level 12. HP: 101/110 MP: 17/17
 11865 | Lair:1   | Found a gate leading to a gauntlet.
 11882 | Lair:1   | Noticed a five-headed hydra
 11893 | Lair:1   | Killed a five-headed hydra
 11910 | Lair:1   | Identified the -2 pair of gloves of Jilaukkuma {rN+ Str+4}
                  | (Okawaru gifted it to you on level 1 of the Lair of Beasts)
 11910 | Lair:1   | Received a gift from Okawaru
 11917 | Gauntlet | Entered a Gauntlet
 11917 | Gauntlet | Noticed a death scarab
 11917 | Gauntlet | Found a transporter.
 11917 | Gauntlet | Found a transporter.
 11917 | Gauntlet | Found a transporter.
 11927 | Gauntlet | Found a transporter.
 11930 | Gauntlet | Found a transporter.
 11938 | Gauntlet | Found a transporter.
 11941 | Gauntlet | Found a transporter.
 11945 | Gauntlet | Found a runed translucent door.
 11945 | Gauntlet | Found a runed translucent door.
 11949 | Gauntlet | Found a transporter.
 11967 | Gauntlet | Found a transporter.
 11972 | Gauntlet | Found a transporter.
 11975 | Gauntlet | Found a transporter.
 11985 | Gauntlet | Found a transporter.
 12231 | Lair:1   | Reached skill level 15 in Axes
 12514 | Lair:1   | Noticed a boulder beetle
 12525 | Lair:1   | Killed a boulder beetle
 12596 | Lair:1   | Identified the +1 leather armour "Xeateid" {rPois Int+3}
 13021 | Lair:2   | Found a hole to the Spider Nest.
 13186 | Lair:2   | Noticed a catoblepas
 13216 | Lair:2   | Killed a catoblepas
 13217 | Lair:2   | Reached skill level 12 in Fighting
 14136 | Lair:3   | Found a staircase to the Shoals.
 14155 | Lair:3   | Reached skill level 10 in Invocations
 14155 | Lair:3   | Reached XP level 13. HP: 118/118 MP: 19/19
 14794 | Lair:4   | Reached skill level 1 in Throwing
 15283 | Lair:4   | Identified the +3 buckler of the Amoeba {-Tele rF- Dex+7}
                  | (Okawaru gifted it to you on level 4 of the Lair of Beasts)
 15283 | Lair:4   | Received a gift from Okawaru
 15773 | Lair:5   | Entered Level 5 of the Lair of Beasts
 15820 | Lair:5   | Found a viscous altar of Jiyva.
 15820 | Lair:5   | Found a staircase to the Slime Pits.
 15908 | Lair:5   | Identified the +0 chain mail "Akhlyquo" {Rampage *Slow
                  | rF+++ rN++}
 16175 | Lair:5   | Reached skill level 13 in Fighting
 16940 | Lair:5   | Identified the +3 ring mail "Jurua" {-Tele rF++ rC+++
                  | Int-4} (Okawaru gifted it to you on level 5 of the Lair of
                  | Beasts)
 16940 | Lair:5   | Received a gift from Okawaru
 17149 | Lair:5   | Reached XP level 14. HP: 120/129 MP: 20/20
 17266 | Lair:5   | Identified the +3 spear of the Red Skies {drain, rPois}
 17320 | Lair:5   | Reached skill level 1 in Evocations
 17496 | Lair:5   | Reached skill level 5 in Throwing
 17641 | Lair:5   | Found a corrupted altar of Lugonu.
 17641 | Lair:5   | Found a one-way gate to the infinite horrors of the Abyss.
 18079 | D:11     | Found a hide-covered altar of Uskayaw.
 18109 | D:11     | Killed Erica
 18182 | D:11     | Noticed Psyche
 18189 | D:11     | Killed Psyche
 18597 | D:12     | Found Nommowunino's Armour Shop.
 18884 | D:12     | Identified a scroll of acquirement
 18885 | D:12     | Acquired the +3 warlock's mirror {reflect}
 18885 | D:12     | Found the +3 warlock's mirror {reflect}
 18976 | D:12     | Found Byjisiokk's Distillery.
 18979 | D:12     | Bought a potion of heal wounds for 70 gold pieces
 18979 | D:12     | Bought a potion of heal wounds for 70 gold pieces
 18979 | D:12     | Bought a potion of haste for 140 gold pieces
 19030 | D:12     | Reached skill level 14 in Fighting
 19167 | D:12     | Reached skill level 1 in Shields
 19407 | Orc:1    | Entered Level 1 of the Orcish Mines
 19471 | Orc:2    | Entered Level 2 of the Orcish Mines
 19628 | Orc:2    | Received a gift from Okawaru
 19649 | Orc:1    | Found Ecemis's Jewellery Boutique.
 19772 | Orc:1    | Noticed Urug
 20147 | Orc:2    | Found a staircase to the Elven Halls.
 20230 | Orc:2    | Got the Folio of Sinister Arts
 20614 | Orc:2    | Noticed an orc warlord
 20644 | Orc:2    | Killed an orc warlord
 20969 | Orc:2    | Found Bummihops's Antique Armour Shoppe.
 21160 | Orc:2    | Found Yngoagea's Book Emporium.
 21325 | Orc:2    | Found Possig's Armour Emporium.
 21357 | Orc:2    | Found Omadwagi's Armour Shoppe.
 21871 | D:13     | Reached XP level 15. HP: 133/139 MP: 19/22
 21890 | D:13     | Reached skill level 5 in Shields
 22004 | D:13     | Found a huge runed gate.
 22004 | D:13     | Found a huge runed gate.
 22004 | D:13     | Found a huge runed gate.
 22004 | D:13     | Found a huge runed gate.
 22004 | D:13     | Found a huge runed gate.
 22006 | D:13     | Found a huge runed gate.
 22008 | D:13     | Found a huge runed gate.
 22008 | D:13     | Found a huge runed gate.
 22009 | D:13     | Found a huge runed gate.
 22010 | D:13     | Found a huge runed gate.
 22027 | D:13     | Found a huge runed gate.
 22027 | D:13     | Found a huge runed gate.
 22027 | D:13     | Found a huge runed gate.
 22027 | D:13     | Found a huge runed gate.
 22027 | D:13     | Found a huge runed gate.
 22027 | D:13     | Found a huge runed gate.
 22028 | D:13     | Found a huge runed gate.
 22029 | D:13     | Found a huge runed gate.
 22030 | D:13     | Found a huge runed gate.
 22052 | D:13     | Found a huge runed gate.
 22052 | D:13     | Found a huge runed gate.
 22052 | D:13     | Found a huge runed gate.
 22052 | D:13     | Found a huge runed gate.
 22052 | D:13     | Found a huge runed gate.
 22052 | D:13     | Found a huge runed gate.
 22054 | D:13     | Found a huge runed gate.
 22055 | D:13     | Found a huge runed gate.
 22056 | D:13     | Found a huge runed gate.
 22064 | D:13     | Found a huge runed gate.
 22064 | D:13     | Found a huge runed gate.
 22064 | D:13     | Found a huge runed gate.
 22064 | D:13     | Found a huge runed gate.
 22064 | D:13     | Found a huge runed gate.
 22066 | D:13     | Found a huge runed gate.
 22067 | D:13     | Found a huge runed gate.
 22068 | D:13     | Found a huge runed gate.
 22262 | D:13     | Reached skill level 5 in Evocations
 22266 | D:13     | Identified the +2 scale mail "Wiaxieq" {rF+ Int+4} (Okawaru
                  | gifted it to you on level 13 of the Dungeon)
 22266 | D:13     | Received a gift from Okawaru
 22501 | D:13     | Found a gate to the Vaults.
 22856 | D:5      | Bought a scroll of teleportation for 33 gold pieces
 22856 | D:5      | Bought a scroll of enchant armour for 82 gold pieces
 23163 | Orc:1    | Bought a ring of see invisible for 180 gold pieces
 23163 | Orc:1    | Bought a ring of protection from cold for 300 gold pieces
 23209 | Orc:1    | Reached skill level 15 in Fighting
 23330 | Orc:1    | Killed Urug
 23471 | Orc:1    | Noticed Erolcha
 23487 | Orc:1    | Killed Erolcha
 24416 | D:14     | Found a white marble altar of Elyvilon.
 24637 | D:15     | Entered Level 15 of the Dungeon
 25063 | D:15     | Received a gift from Okawaru
 25227 | D:15     | Found a staircase to the Depths.
 25429 | D:15     | Found a portal to a secret trove of treasure.
 25571 | D:15     | Received a gift from Okawaru
 25991 | D:15     | Reached XP level 16. HP: 151/151 MP: 21/24
 26001 | D:15     | Reached skill level 16 in Fighting
 26304 | Spider:1 | Entered Level 1 of the Spider Nest
 26311 | Lair:2   | Received a gift from Okawaru
 26507 | Spider:1 | Identified the +3 scale mail of Tenacity {Dex+6} (Okawaru
                  | gifted it to you on level 1 of the Spider Nest)
 26507 | Spider:1 | Received a gift from Okawaru
 26698 | Spider:1 | You fall into a shaft and drop 1 floor!
 27305 | Spider:1 | Identified the amulet of Riun {Spirit rC+ Int+6}
 27752 | Spider:2 | Found a transporter.
 28100 | Spider:2 | Reached skill level 10 in Throwing
 28529 | Spider:2 | Noticed Kirke
 28562 | Spider:1 | Killed Kirke
 28618 | Spider:2 | Reached skill level 17 in Fighting
 28622 | Spider:2 | Received a gift from Okawaru
 28643 | Spider:2 | Reached skill level 15 in Armour
 28878 | Spider:2 | Noticed Vur June's ghost (journeyman MeMo)
 28881 | Spider:2 | Found a transporter.
 28888 | Spider:2 | Noticed Kazon's ghost (journeyman DsFi)
 29445 | Spider:3 | Reached XP level 17. HP: 161/161 MP: 25/25
 29824 | Spider:4 | Entered Level 4 of the Spider Nest
 29824 | Spider:4 | Noticed Arachne
 29938 | Spider:4 | Killed Arachne
 30194 | Spider:4 | Noticed Roxanne
 30553 | Spider:4 | Received a gift from Okawaru
 31020 | Spider:4 | Got a gossamer rune of Zot
 31342 | D:12     | Bought a potion of curing for 42 gold pieces
 31342 | D:12     | Bought 2 potions of curing for 84 gold pieces
 31522 | Shoals:1 | Entered Level 1 of the Shoals
 31836 | Shoals:1 | Reached skill level 18 in Fighting
 31879 | Shoals:1 | Found Zifinaq's Jewellery Shop.
 32030 | Shoals:1 | Found Cosuycar's General Store.
 32392 | Shoals:2 | Reached skill level 10 in Evocations
 32920 | Shoals:2 | Received a gift from Okawaru
 32925 | Shoals:2 | Noticed Polyphemus
 32933 | Shoals:2 | Killed Polyphemus
 33131 | Shoals:2 | Received a gift from Okawaru
 33149 | Shoals:2 | Noticed a titan
 33218 | Shoals:2 | Killed a titan
 33229 | Shoals:2 | Identified the ring of Xom's Best Wishes {rPois MP+9
                  | Slay+3}
 33645 | Shoals:2 | Reached skill level 5 in Dodging
 33651 | Shoals:2 | Noticed Ilsuiw
 34502 | Shoals:4 | Entered Level 4 of the Shoals
 34524 | Shoals:4 | Found Ulail's Antique Weapon Emporium.
 34572 | Shoals:3 | Reached XP level 18. HP: 155/173 MP: 24/26
 34631 | Shoals:3 | Received a gift from Okawaru
 34978 | Shoals:4 | Received a gift from Okawaru
 35226 | Shoals:4 | Identified the +0 robe "Bunk" {rN+} (Okawaru gifted it to
                  | you on level 4 of the Shoals)
 35226 | Shoals:4 | Received a gift from Okawaru
 35465 | Shoals:4 | Acquired the amulet "Wies" {Acrobat Regen+}
 35509 | Shoals:4 | Reached skill level 19 in Fighting
 35583 | Shoals:4 | Identified the +6 dagger of the Purple Skies {drain, Will-
                  | MP+9 Str+8 SInv}
 35749 | Shoals:4 | Identified the +2 sling of Desertification {flame, +Blink
                  | rN+ Str-3 Int+3}
 35933 | Shoals:4 | Identified the +0 scimitar of Dissent {holy, SInv}
 35988 | Shoals:4 | Got a barnacled rune of Zot
 36232 | Shoals:2 | Killed Ilsuiw
 36486 | D:5      | Bought a scroll of enchant armour for 187 gold pieces
 36645 | Vaults:1 | Entered Level 1 of the Vaults
 36867 | Vaults:1 | Acquired 1006 gold pieces
 37053 | D:5      | Bought the +1 robe of Vines {NoPotionHeal Regen++++} for
                  | 2000 gold pieces
 37053 | D:5      | Found the +1 robe of Vines {NoPotionHeal Regen++++}
 37309 | D:15     | You paid a toll of the robe of Vines to enter a treasure
                  | trove
 37310 | Trove    | Entered a treasure trove
 37312 | Trove    | Found the +3 crown of Dyrovepreva {rElec Int+2 SInv}
 37312 | Trove    | Found the +4 Cigotuvi's embrace {rMiasma Drain rN+}
 37313 | Trove    | Found the +15 Maxwell's patent armour {-Cast -Tele rElec
                  | Will+ rCorr}
 37316 | Trove    | Identified the +1 pair of boots of the Thunderstorm {Harm}
 37317 | Trove    | Identified the +0 fire dragon scales of Guinunne {Harm rF++
                  | rC- Str+2 Int-2}
 37326 | Trove    | Identified the +2 ring mail of Saintom {rC- rCorr SInv}
 37330 | Trove    | Identified the +4 kite shield of the Viny God {Contam
                  | Rampage rF+ Dex+3}
 37332 | Trove    | Identified the +1 pair of gloves "Foat" {rC+ Str-3 Dex+4
                  | Slay+3}
 38223 | Vaults:1 | You fall into a shaft and drop 1 floor!
 38617 | Vaults:1 | Received a gift from Okawaru
 38913 | Vaults:2 | Received a gift from Okawaru
 39059 | Vaults:2 | Reached XP level 19. HP: 184/184 MP: 27/27
 39197 | Vaults:2 | Reached ****** piety under Okawaru
 39245 | Vaults:2 | Received a gift from Okawaru
 39251 | Vaults:2 | Reached skill level 20 in Fighting
 39485 | Vaults:2 | Identified the +6 crystal plate armour of the Eternal Fruit
                  | {rN+} (Okawaru gifted it to you on level 2 of the Vaults)
 39485 | Vaults:2 | Received a gift from Okawaru
 39681 | Arena    | Entered the Arena
 39731 | Vaults:2 | Reached skill level 10 in Dodging
 40564 | Vaults:3 | Found Muoqia Geub's Antique Armour Shop.
 40564 | Vaults:3 | Found Lablieb's Weapon Shop.
 40592 | Vaults:3 | Found Koniypny's Book Shop.
 40634 | Vaults:3 | Noticed Asterion
 40648 | Vaults:3 | Killed Asterion
 40878 | Vaults:3 | Reached skill level 15 in Throwing
 41022 | Vaults:3 | Identified the +5 rapier "Ryvag" {vamp, *Slow rPois MP+9
                  | Int+6} (Okawaru gifted it to you on level 3 of the Vaults)
 41022 | Vaults:3 | Received a gift from Okawaru
 41033 | Vaults:3 | Found a staircase to the Crypt.
 41076 | Vaults:3 | Reached skill level 21 in Fighting
 41426 | Vaults:3 | Noticed Saint Roka
 41443 | Vaults:3 | Killed Saint Roka
 41608 | Vaults:3 | Received a gift from Okawaru
 41618 | Vaults:3 | Reached XP level 20. HP: 131/196 MP: 28/28
 41822 | Vaults:3 | Received a gift from Okawaru
 42756 | Vaults:4 | Noticed Jory
 42785 | Vaults:4 | Killed Jory
 43348 | Vaults:4 | Received a gift from Okawaru
 43367 | Vaults:4 | Found a huge runed gate.
 43368 | Vaults:4 | Found a huge runed gate.
 43370 | Vaults:4 | Found a huge runed gate.
 43391 | Vaults:4 | Found a huge runed gate.
 43392 | Vaults:4 | Found a huge runed gate.
 43393 | Vaults:4 | Found a huge runed gate.
 43393 | Vaults:4 | Found a huge runed gate.
 43393 | Vaults:4 | Found a huge runed gate.
 43393 | Vaults:4 | Found a huge runed gate.
 43448 | Vaults:4 | Reached skill level 22 in Fighting
 43492 | Vaults:4 | Found a huge runed gate.
 43492 | Vaults:4 | Found a huge runed gate.
 43492 | Vaults:4 | Found a huge runed gate.
 43492 | Vaults:4 | Found a huge runed gate.
 43492 | Vaults:4 | Found a huge runed gate.
 43492 | Vaults:4 | Found a huge runed gate.
 43493 | Vaults:4 | Found a huge runed gate.
 43494 | Vaults:4 | Found a huge runed gate.
 43495 | Vaults:4 | Found a huge runed gate.
 43775 | Vaults:4 | Found a huge runed gate.
 43783 | Vaults:4 | Found a huge runed gate.
 43783 | Vaults:4 | Found a huge runed gate.
 43783 | Vaults:4 | Found a huge runed gate.
 43783 | Vaults:4 | Found a huge runed gate.
 43783 | Vaults:4 | Found a huge runed gate.
 43783 | Vaults:4 | Found a huge runed gate.
 43784 | Vaults:4 | Found a huge runed gate.
 43785 | Vaults:4 | Found a huge runed gate.
 43786 | Vaults:4 | Found a huge runed gate.
 43861 | Vaults:4 | Found a huge runed gate.
 43861 | Vaults:4 | Found a huge runed gate.
 43861 | Vaults:4 | Found a huge runed gate.
 43861 | Vaults:4 | Found a huge runed gate.
 43861 | Vaults:4 | Found a huge runed gate.
 43861 | Vaults:4 | Found a huge runed gate.
 43862 | Vaults:4 | Found a huge runed gate.
 43863 | Vaults:4 | Found a huge runed gate.
 44324 | Elf:1    | Entered Level 1 of the Elven Halls
 44391 | Elf:1    | Identified the +8 spear of Overwhelming Force {pain, rElec}
                  | (Okawaru gifted it to you on level 1 of the Elven Halls)
 44391 | Elf:1    | Received a gift from Okawaru
 44524 | Elf:1    | Found a magical portal.
 44534 | WizLab   | Entered Yara's Duelist Academy
 45024 | WizLab   | Noticed Painokekh
 45025 | Arena    | Entered the Arena
 45064 | WizLab   | Killed Painokekh the Head Instructor
 45112 | WizLab   | Got Yara's Teachings on Bewitchment
 45162 | WizLab   | Got Yara's Almanac of the Eight Boll Weevils
 45440 | D:5      | Bought a bloodstained plate armour for 700 gold pieces
 45440 | D:5      | Identified the +2 plate armour "Kaysmov" {Str-4 Dex+6} (You
                  | bought it in a shop on level 5 of the Dungeon)
 45750 | Elf:1    | Received a gift from Okawaru
 45913 | Elf:1    | Found a shimmering blue altar of Sif Muna.
 46056 | Elf:1    | Received a gift from Okawaru
 46102 | Elf:1    | Got the Atlas of the Mausoleum
 46242 | Elf:2    | Reached XP level 21. HP: 186/201 MP: 29/29
 46280 | Elf:2    | Found a runed translucent gate.
 46285 | Elf:2    | Found a runed translucent gate.
 46285 | Elf:2    | Found a runed translucent gate.
 46305 | Elf:2    | Found Vojiuhaj's General Store.
 46440 | Elf:2    | Noticed javelincjr's ghost (adept DjCj)
 46440 | Elf:2    | Found a runed translucent door.
 46440 | Elf:2    | Found a shimmering altar of Xom.
 46440 | Elf:2    | Paralysed by an air elemental for 1 turns
 46537 | Elf:2    | Found Fememar's General Store.
 46714 | Elf:2    | Found Losauda's Assorted Antiques.
 46719 | Elf:2    | Bought a scroll of fear for 120 gold pieces
 46763 | Elf:2    | Bought a potion of cancellation for 128 gold pieces
 46763 | Elf:2    | Bought a potion of curing for 48 gold pieces
 46763 | Elf:2    | Bought a potion of heal wounds for 80 gold pieces
 46844 | Elf:2    | Received a gift from Okawaru
 47133 | Elf:3    | Entered Level 3 of the Elven Halls
 47339 | Elf:3    | Paralysed by an air elemental for 1 turns
 47451 | Elf:3    | Identified the +3 ring mail "Sovyoth" {Contam Rampage rElec
                  | Will+++} (Okawaru gifted it to you on level 3 of the Elven
                  | Halls)
 47451 | Elf:3    | Received a gift from Okawaru
 47564 | Elf:3    | Found Zuodaafu's Assorted Antiques.
 47592 | Elf:3    | Paralysed by an air elemental for 1 turns
 47597 | Elf:3    | Paralysed by an air elemental for 1 turns
 47701 | Elf:3    | Reached skill level 23 in Fighting
 47960 | Elf:3    | Reached skill level 10 in Shields
 48087 | Elf:3    | Identified the +7 halberd of Muis {elec, rC+ Will- rCorr
                  | SInv}
 48294 | Elf:3    | Identified the +2 robe "Vongecol" {rF+ Str-4 Dex+2}
 48312 | Elf:3    | Identified the +1 plate armour of Qazlal's Favour {rF+}
 48549 | Elf:3    | Identified the +7 broad axe of Inference {flame, rCorr
                  | Int-5 Stlth+}
 48551 | Elf:3    | Got Lom Lobon's Compilation of Incandescent Conjuration
 48554 | Elf:3    | Identified the +3 great mace of the Feather {freeze, rC+}
 48558 | Elf:3    | Identified the +6 chain mail of Cuiny {rElec Int+4}
 48575 | Elf:3    | Identified the +8 sling "Tuuluop" {venom, Will+ Str+8}
 49120 | Depths:1 | Entered Level 1 of the Depths
 49278 | Depths:1 | Found a gateway to Hell.
 49391 | Depths:1 | Received a gift from Okawaru
 49392 | Depths:1 | Identified the +1 ring mail of Hanoig {Fly}
 49392 | Depths:1 | Noticed Mara
 49431 | Depths:1 | Noticed SuperSeabass's illusion
 49434 | Depths:1 | Killed Mara
 49497 | Depths:1 | Received a gift from Okawaru
 49696 | Depths:1 | Reached XP level 22. HP: 212/221 MP: 30/30
 50057 | Depths:1 | Found a hazy altar of Hepliaklqana.
 50059 | Depths:1 | Found a faded altar of an unknown god.
 50205 | Depths:1 | Identified the +8 plate armour of Geerphutt {-Tele Harm
                  | MP+9 Slay+6}
 50575 | Depths:2 | Found Epsiw's General Store.
 50580 | Depths:2 | Bought a scroll of blinking for 120 gold pieces
 50580 | Depths:2 | Bought a potion of curing for 48 gold pieces
 50989 | Depths:2 | Gained mutation: You occasionally lose the ability to drink
                  | potions when taking damage. [a neqoxec]
 50990 | Depths:2 | Gained mutation: You are weak. (Str -2) [a neqoxec]
 50993 | Depths:2 | Gained mutation: You occasionally shout uncontrollably at
                  | your foes. [a neqoxec]
 51002 | Depths:2 | Found a one-way gate leading to the halls of Pandemonium.
 51008 | Depths:2 | Lost mutation: You occasionally shout uncontrollably at
                  | your foes. [potion of mutation]
 51008 | Depths:2 | Lost mutation: You occasionally lose the ability to drink
                  | potions when taking damage. [potion of mutation]
 51008 | Depths:2 | Gained mutation: You do not regenerate when monsters are
                  | visible. [potion of mutation]
 51009 | Depths:2 | Lost mutation: You are weak. (Str -2) [potion of mutation]
 51009 | Depths:2 | Lost mutation: You do not regenerate when monsters are
                  | visible. [potion of mutation]
 51009 | Depths:2 | Gained mutation: You occasionally lose the ability to read
                  | scrolls when taking damage. [potion of mutation]
 51009 | Depths:2 | Gained mutation: You are dopey. (Int -2) [potion of
                  | mutation]
 51009 | Depths:2 | Gained mutation: You are partially covered in large bone
                  | plates. (SH +4) [potion of mutation]
 51010 | Depths:2 | Lost mutation: You are dopey. (Int -2) [potion of mutation]
 51010 | Depths:2 | Lost mutation: You occasionally lose the ability to read
                  | scrolls when taking damage. [potion of mutation]
 51010 | Depths:2 | Lost mutation: You are partially covered in large bone
                  | plates. (SH +4) [potion of mutation]
 51010 | Depths:2 | Gained mutation: You occasionally lose the ability to read
                  | scrolls when taking damage. [potion of mutation]
 51010 | Depths:2 | Gained mutation: You are agile. (Dex +4, Str/Int -1)
                  | [potion of mutation]
 51010 | Depths:2 | Gained mutation: You have hidden genetic defects. [potion
                  | of mutation]
 51010 | Depths:2 | Lost mutation: You have hidden genetic defects. [potion of
                  | mutation]
 51011 | Depths:2 | Lost mutation: You are agile. (Dex +4, Str/Int -1) [potion
                  | of mutation]
 51011 | Depths:2 | Lost mutation: You occasionally lose the ability to read
                  | scrolls when taking damage. [potion of mutation]
 51011 | Depths:2 | Gained mutation: You are frail. (-10% HP) [potion of
                  | mutation]
 51011 | Depths:2 | Gained mutation: You have an increased reservoir of magic.
                  | (+10% MP) [potion of mutation]
 51011 | Depths:2 | Gained mutation: You have sharp toenails. [potion of
                  | mutation]
 51051 | Depths:2 | Received a gift from Okawaru
 51213 | Depths:2 | Reached skill level 24 in Fighting
 51473 | Depths:2 | Found an opulent altar of Gozag.
 51579 | Depths:2 | Received a gift from Okawaru
 52384 | Depths:3 | Received a gift from Okawaru
 52592 | Depths:3 | Reached skill level 15 in Shields
 53064 | Depths:4 | Entered Level 4 of the Depths
 53147 | Depths:4 | Found a one-way gateway to a ziggurat.
 53171 | Depths:4 | Identified the +5 trident "Cuonoot" {vorpal, rN+ Dex+2
                  | Stlth+}
 53202 | Depths:4 | Found Issoloal's Magic Scroll Shop.
 53211 | Depths:4 | Bought a scroll of enchant weapon for 165 gold pieces
 53211 | Depths:4 | Bought a scroll of fear for 88 gold pieces
 53634 | Depths:4 | Received a gift from Okawaru
 53968 | Depths:4 | Reached XP level 23. HP: 200/207 MP: 34/34
 54116 | Depths:4 | Found an ancient bone altar of Kikubaaqudgha.
 54301 | Depths:4 | Found a gate to the Realm of Zot.
 54335 | Depths:4 | Received a gift from Okawaru
 54745 | Crypt:1  | Entered Level 1 of the Crypt
 55497 | Crypt:1  | Received a gift from Okawaru
 55792 | Crypt:2  | Reached skill level 25 in Fighting
 56550 | Crypt:3  | Entered Level 3 of the Crypt
 56789 | Crypt:3  | Received a gift from Okawaru
 57494 | Crypt:3  | Got the Precepts of the Dusty Throng
 57610 | Crypt:3  | Identified the +7 spear "Caohauto" {vorpal, rF++ rC+ Int+3}
 57730 | Crypt:3  | Identified the +11 spear of Fomaofeh {elec, Dex+3}
 57742 | Crypt:3  | Received a gift from Okawaru
 57958 | Crypt:3  | Identified the +1 robe of Honour {Slay+3}
 58039 | Crypt:3  | Received a gift from Okawaru
 58194 | Crypt:3  | Found a staircase to the Tomb.
 58244 | Crypt:3  | Received a gift from Okawaru
 58257 | Crypt:3  | Identified the amulet "Xeys" {rC+ Regen+ Str+8 Int-3}
 58278 | Crypt:3  | Noticed an ancient lich
 58293 | Crypt:3  | Killed an ancient lich
 58893 | D:7      | Killed sigtrap's ghost
 59071 | D:10     | Identified the +0 swamp dragon scales "Cyesow" {+Inv rPois
                  | Str+4 Int-3 Slay+2}
 59230 | D:13     | Identified the amulet "Nyhuf" {Rampage Regen+ Stlth+}
 59641 | Spider:2 | Killed Vur June's ghost
 59645 | Spider:2 | Killed Kazon's ghost
 59851 | Spider:4 | Killed Roxanne
 60250 | Elf:2    | Killed javelincjr's ghost
 60330 | Elf:2    | Received a gift from Okawaru
 60355 | Elf:2    | Reached XP level 24. HP: 162/218 MP: 34/34
 60423 | Elf:2    | Received a gift from Okawaru
 60988 | Vaults:5 | Entered Level 5 of the Vaults
 61365 | Vaults:5 | Received a gift from Okawaru
 61426 | Vaults:5 | Identified the +6 chain mail "Sohenev" {Dex+2}
 61596 | Vaults:5 | Reached skill level 26 in Fighting
 61599 | Vaults:5 | Received a gift from Okawaru
 61854 | Vaults:5 | Noticed a dread lich
 61871 | Vaults:5 | Killed a dread lich
 62130 | Vaults:5 | Identified the +6 hand axe "Asuts" {vorpal, *Rage rN++
                  | Str+4}
 62641 | Vaults:5 | Identified the +2 robe "Wetecem" {rF+ Regen+ rCorr}
 62799 | Vaults:5 | Got a silver rune of Zot
 63115 | Elf:2    | Bought a scroll of enchant weapon for 225 gold pieces
 63464 | Zot:1    | Entered Level 1 of the Realm of Zot
 63541 | Arena    | Entered the Arena
 63767 | Zot:1    | Received a gift from Okawaru
 63778 | Zot:1    | Reached XP level 25. HP: 191/229 MP: 34/34
 63943 | Zot:1    | Received a gift from Okawaru
 64014 | Zot:1    | Received a gift from Okawaru
 64375 | Zot:2    | Identified the +3 ring mail of the Nightingale {Stlth+}
                  | (Okawaru gifted it to you on level 2 of the Realm of Zot)
 64375 | Zot:2    | Received a gift from Okawaru
 64715 | Zot:2    | Identified the +2 cloak "Rudoah" {Harm Str+3 Int+3}
 65080 | Zot:2    | Noticed an ancient lich
 65246 | Zot:2    | Killed an ancient lich
 65269 | Zot:2    | Reached skill level 15 in Evocations
 65321 | Zot:2    | Found a stormy altar of Qazlal.
 65655 | Zot:3    | Identified the +0 robe of Leapfrog {rElec Str+5 Int-2}
                  | (Okawaru gifted it to you on level 3 of the Realm of Zot)
 65655 | Zot:3    | Received a gift from Okawaru
 65740 | Zot:3    | Reached skill level 27 in Fighting
 65761 | Zot:3    | Noticed an orb of fire
 65787 | Zot:3    | Killed an orb of fire
 66022 | Zot:5    | Entered Level 5 of the Realm of Zot
 66441 | Zot:5    | Reached XP level 26. HP: 233/239 MP: 34/34
 66460 | Zot:5    | Noticed a dread lich
 66473 | Zot:5    | Killed a dread lich
 66728 | Zot:5    | Noticed an orb of fire
 66734 | Zot:5    | Killed an orb of fire
 66743 | Zot:5    | Noticed an orb of fire
 66745 | Zot:5    | Killed an orb of fire
 66747 | Zot:5    | Noticed a dread lich
 66759 | Zot:5    | Killed a dread lich
 66784 | Zot:5    | Noticed an ancient lich
 66791 | Zot:5    | Killed an ancient lich
 66824 | Zot:5    | Noticed an orb of fire
 66832 | Zot:5    | Killed an orb of fire
 66910 | Zot:5    | Received a gift from Okawaru
 67014 | Zot:5    | Noticed an ancient lich
 67107 | Zot:5    | Noticed an orb of fire
 67121 | Zot:5    | Killed an ancient lich
 67121 | Zot:5    | Identified the +9 broad axe of the Extremes {elec, rF+
                  | Str+4 Int-4} (Okawaru gifted it to you on level 5 of the
                  | Realm of Zot)
 67121 | Zot:5    | Received a gift from Okawaru
 67188 | Zot:5    | Gained mutation: Your body sometimes deteriorates upon
                  | taking damage. [an orb of fire]
 67189 | Zot:5    | Killed an orb of fire
 67193 | Zot:5    | Noticed a dread lich
 67198 | Zot:5    | Killed a dread lich
 67302 | Zot:5    | Reached skill level 15 in Dodging
 67466 | Zot:5    | Got the Orb of Zot
 67525 | Zot:5    | Noticed Telecie the pandemonium lord
 68074 | D:1      | Identified the +8 war axe "Giant's Demise" {vorpal, rC+
                  | Will+ rCorr} (Okawaru gifted it to you on level 1 of the
                  | Dungeon)
 68074 | D:1      | Received a gift from Okawaru
 68112 | D:$      | Escaped with the Orb!

Illustrated notes

Levels and vault maps discovered:
D:1:      wheals_arrival_linesprint, layout_rooms,
          minmay_misc_feat_secret_circle, minmay_tetromino_l4
D:2:      layout_loops_corners, dreamdust_ecumenical_altar_angels_and_demons,
          basic_altar, kennysheep_flooded_box, nicolae_elevator_lobby_plus
D:3:      layout_basic, mainiacjoe_overflow_six_doors_small,
          nicolae_tso_swordbearing_angel
D:4:      layout_loops_ring, mainiacjoe_overflow_large_starburst,
          roderic_lattice_a, minmay_vboxes
D:5:      layout_rooms, minmay_temple_entry_drinking_statues, serial_shops,
          nicolae_shop_statue_plus, shop_statue, nicolae_inconvenience_store,
          shop, nicolae_shop_hallway_stairs
D:6:      layout_basic, nemelex_xobeh_ov_fountains_minmay,
          mainiacjoe_overflow_small_starburst, nicolae_wooded_promenade
D:7:      layout_rooms, gammafunk_ghost_arena, minmay_hollow_rounded_squares,
          uniq_duvessa
D:8:      layout_cave_pools, fedhas_altar_2, makhleb_blood_cavern_becter,
          nicolae_sif_muna_condensation, uniq_prince_ribbit1
D:9:      layout_cave_pools, trog_ov_bears_minmay, hangedman_decor_lopped,
          corexii_checkpoint_a, hangedman_fish_farm, uniq_harold
D:10:     layout_rooms, gammafunk_temple_overflow_statue,
          nicolae_ru_sacrificial_ziggurat, erik_lair_dragon, serial_shops, shop,
          minivault_21
D:11:     layout_basic, orc_david_3, nicolae_uskayaw_dance_hall, uniq_erica,
          uniq_psyche
D:12:     layout_long_grid, serial_shops, kennysheep_mini_moat, shop,
          minmay_diamond_spiral
D:13:     layout_small_grid, hangedman_vaults_entry_quadrant_bands,
          not_door_vault_due
D:14:     layout_gridville, serial_bayou_shore_a, nicolae_elyvilon_temple_path
D:15:     grunt_enter_depths_snipers, layout_basic,
          nicolae_trove_entry_crossroad, grunt_decor_arrowhead
Lair:1:   layout_gridlike, gauntlet_entry_generic, grunt_megastairs_5
Lair:2:   layout_cave_pods, spider_nest_entry_rubble, grunt_megastairs_3
Lair:3:   layout_gridlike, elwin_shoals_entry_stream, st_stairs_9,
          nzn_sisyphean_effort, grunt_megastairs_1
Lair:4:   layout_layer_cave, grunt_megastairs_4
Lair:5:   hellmonk_lair_end_abyssal_woods, layout_long_grid, slime_entry_1,
          chequers_serial_rivers_micro_a, nicolae_quartered_pool_medium,
          lemuel_fruit_fields, infiniplex_staircase_pool
Shoals:1: layout_shoals, serial_shops, shop, nicolae_shoals_c_island
Shoals:2: cheibrodos_shoals_gigantism, layout_shoals,
          nicolae_shoals_nymph_descending_staircase, uniq_ilsuiw,
          uniq_polyphemus
Shoals:3: layout_shoals
Shoals:4: shoals_end_simple, layout_shoals, serial_shops, shop_statue
Spider:1: layout_cave_pods, drop_trap
Spider:2: spider_temple_joshua, nzn_ghost_randoct, uniq_kirke
Spider:3: layout_spider_delve
Spider:4: grunt_spider_rune_circles, uniq_arachne, uniq_roxanne
Orc:1:    lemuel_ogre_cave, layout_caves, serial_shops, shop, minmay_orc_keep,
          uniq_urug
Orc:2:    pubby_orc_utopia, serial_shops
Elf:1:    nicolae_elf_arrival_fired_up, layout_geoelf_octagon,
          mu_enter_wizlab_4, minmay_elf_necromancy,
          nicolae_concentric_dashed_squares_mild, lemuel_statue_altar,
          dreamdust_wishing_well, abandoned_shop
Elf:2:    nicolae_elf_blades_crystal_corner, layout_geoelf_octagon,
          serial_shops, shop, nicolae_square_shop,
          nicolae_shop_advertising_works [nicolae_subvault_shop_adworks],
          ebering_ghost_xom, nicolae_elf_m_pinch, minivault_25_ag, minivault_14
Elf:3:    elf_hall_gauntlet_wide, layout_geoelf_diagonals, serial_shops,
          nicolae_square_shop, st_stairs_2
Vaults:1: nicolae_vaults_hallways_thing, hangedman_vaults_stream, v_misc_19,
          hangedman_vaults_nodes, nicolae_vaults_little_squares_3, v_misc_26,
          layout_vaults_quadrants
Vaults:2: v_misc_15, v_misc_14, v_misc_5, hangedman_vaults_variations,
          nicolae_vaults_fighting_squares, v_misc_26, v_misc_1,
          vaults_dpeg_ring, vaults_standard_mumra_lines, v_misc_27, v_misc_23,
          v_alt_pattern_1, ontoclasm_vaults_ring_large, vaults_dpeg_doors,
          layout_vaults_omnibox
Vaults:3: vaults_dpeg_cross, hangedman_vaults_trim, vaults_room_ringed_pool,
          v_alt_pattern_6, ontoclasm_vaults_ring_large,
          hangedman_vaults_hard_town_square, minmay_crypt_entry_simple_plaza,
          v_pattern_4, v_misc_30, vaults_dpeg_spiral, v_misc_26,
          layout_vaults_maze_snakey, uniq_asterion, uniq_saint_roka
Vaults:4: v_rooms_3, grunt_vaults_swirl, ontoclasm_vaults_decontamination,
          nicolae_vaults_bisected_exclaves, v_pattern_3, vaults_room_door_ring,
          door_vault, v_alt_pattern_6, v_misc_11, vaults_dpeg_hooks,
          nicolae_vaults_shelves_hall, ontoclasm_vaults_ring_small, v_misc_17,
          layout_vaults_omnicross, uniq_jory
Vaults:5
Crypt:1:  layout_gridlike, amcnicky_mini_rare_corridor_liquid
Crypt:2:  layout_gridlike
Crypt:3:  quadcrypt_mu
Depths:1: layout_cave_shapes, nicolae_wwwww, grunt_hell_entry_demonic_statue,
          minmay_misc_feat_rugged, minmay_misc_feat_roman,
          beargit_hepliaklqana_dungeon_heroes, uniq_mara
Depths:2: minmay_the_grid_plus [minmay_the_grid_embedded,
          minmay_the_grid_holed_spiral, minmay_the_grid_tiny_cups,
          minmay_the_grid_empty, minmay_the_grid_prize_inner_circle],
          layout_basic, hell_entry, rand_demon_pan_entry_4, serial_shops, shop,
          grunt_gozag_statues, chequers_serial_rivers_micro_e,
          nicolae_fountain_basement, infiniplex_staircase_zigzag_5
Depths:3: kennysheep_spiral_hall, layout_gridlike, abyss_entry_glasseish,
          hangedman_tar_grid_catacomb, grunt_pan_entry_spiral,
          infiniplex_staircase_door_maze
Depths:4: grunt_x_marks_the_spot, layout_basic, enter_ziggurat_d,
          hangedman_geh_valley, serial_bayou_pond_e, pan_entry, serial_shops,
          nicolae_square_shop, lemuel_zombie_altar_kikubaaqudgha
Zot:1:    layout_misc_corridors, skrybe_zot_glass_2
Zot:2:    regret_index_qazlal_generations, layout_onion_interference,
          st_stairs_11, hangedman_zot_decor_scrapings
Zot:3:    layout_cathedral_of_symmetry, st_single_dragon_hoard_3,
          st_single_dragon_hoard_4, grunt_megastairs_2
Zot:4:    layout_gridlike, st_stairs_5, grunt_ministairs_15, zot_minivault_1
Zot:5:    layout_gridlike

Skill      XL: |  1  2  3  4  5  6  7  8  9 10 11 12 13 14 15 16 17 18 19 20 21 22 23 24 25 26 |
---------------+-------------------------------------------------------------------------------+-----
Fighting       | 2 3 6 7 9 11 12 13 14 15 17 18 19 21 22 23 24 25 26 27 | 27.0
Axes           | 2 5 6 7 10 11 13 14 16 18 20 21 | 21.9
Armour         | 1 4 6 8 10 11 13 15 16 17 18 20 21 | 21.9
Invocations    | 3 5 7 8 10 11 12 | 12.0
Throwing       | 4 7 9 10 12 13 15 16 17 18 19 20 | 20.8
Evocations     | 4 6 8 10 11 12 13 14 15 16 | 16.0
Shields        | 4 8 12 16 18 19 20 21 | 21.3
Dodging        | 5 8 11 14 15 | 15.1
Stealth        | |  1.5
Spellcasting   | |  1.3
Necromancy     | |  2.9

Action                   |  1- 3 |  4- 6 |  7- 9 | 10-12 | 13-15 | 16-18 | 19-21 | 22-24 | 25-27 || total
-------------------------+-------+-------+-------+-------+-------+-------+-------+-------+-------++-------
Melee: Unarmed           |    25 |       |       |       |       |       |       |       |       ||    25
       Headbutt          |    15 |    28 |    42 |   133 |   230 |   347 |   439 |   632 |   241 ||  2107
       Spear             |     6 |       |       |       |       |       |       |       |       ||     6
       Whip              |    64 |   112 |       |       |       |       |       |       |       ||   176
       Punch             |     1 |     2 |     7 |    12 |     7 |       |       |       |       ||    29
       Hand axe          |       |    20 |       |       |       |       |       |       |       ||    20
       Mace              |       |    41 |   230 |   374 |    17 |       |       |       |       ||   662
       Broad axe         |       |       |       |   233 |   986 |  1250 |  1339 |  1816 |   750 ||  6374
       War axe           |       |       |       |     7 |       |       |       |       |       ||     7
       Demon trident     |       |       |       |       |     3 |       |       |       |       ||     3
       Eveningstar       |       |       |       |       |       |       |    21 |       |       ||    21
Throw: Dart              |       |    13 |    16 |     5 |       |       |       |       |       ||    34
       Javelin           |       |     2 |     4 |       |       |     2 |    13 |    16 |    72 ||   109
       Throwing net      |       |     1 |     1 |     1 |     2 |     2 |       |       |       ||     7
       Boomerang         |       |       |     3 |    54 |   280 |   327 |   224 |   177 |   189 ||  1254
 Cast: Necrotise         |    24 |       |       |       |       |       |       |       |       ||    24
Invok: Heroism           |       |       |     8 |    16 |    37 |    42 |    39 |    50 |    31 ||   223
       Finesse           |       |       |       |     1 |     3 |     5 |    11 |     4 |     5 ||    29
       Duel              |       |       |       |       |       |       |     2 |     1 |       ||     3
Evoke: Wand              |       |       |       |     1 |     4 |     2 |       |     2 |     3 ||    12
       Condenser vane    |       |       |       |       |     1 |     1 |     3 |       |     2 ||     7
  Use: Scroll            |     2 |     3 |     5 |    15 |    12 |     9 |     5 |    12 |     7 ||    70
       Potion            |     1 |       |     1 |     1 |     2 |     9 |     3 |     9 |     6 ||    32
 Stab: Held in net/web   |       |       |     1 |     1 |       |       |       |       |       ||     2
       Distracted        |       |       |     1 |       |       |       |       |       |       ||     1
       Invisible         |       |       |     1 |       |       |       |       |       |    11 ||    12
       Confused          |       |       |       |       |       |       |       |       |     2 ||     2
Armor: Robe              |     7 |       |       |       |       |       |       |       |       ||     7
       Ring mail         |    25 |    57 |   103 |   141 |       |       |       |       |       ||   326
       Acid dragon scale |       |       |       |    39 |       |       |       |       |       ||    39
       Chain mail        |       |       |       |   145 |   307 |   290 |       |       |       ||   742
       Plate armour      |       |       |       |       |    65 |   461 |   464 |   406 |   258 ||  1654
Dodge: Dodged            |    46 |    82 |   105 |   277 |   308 |   521 |   409 |   452 |   315 ||  2515
Block: Buckler           |       |       |       |       |   172 |   614 |   386 |       |       ||  1172
       Reflection        |       |       |       |       |    15 |    51 |    59 |       |       ||   125
       Kite shield       |       |       |       |       |       |       |   101 |  1040 |   568 ||  1709
